 Dungeon Crawl Stone Soup version 0.29-a0-275-g389c0b56f3 (webtiles) character file.

Game seed: 15943131275365228120

184 epen the Chiller (level 5, -3/46 HPs)
             Began as a Naga Ice Elementalist on Mar 11, 2022.
             Killed from afar by Sigmund (10 damage)
             ... with a puff of flame
             ... on level 2 of the Dungeon.
             The game lasted 00:02:55 (2042 turns).

epen the Chiller (Naga Ice Elementalist)            Turns: 2042, Time: 00:02:56

Health: -3/46      AC:  3    Str: 11    XL:     5   Next: 63%
Magic:  4/9        EV: 10    Int: 17    God:
Gold:   134        SH:  0    Dex: 17    Spells: 3/10 levels left

rFire   . . .      SeeInvis +   p - +3 spear
rCold   . . .      Faith    .   (no shield)
rNeg    . . .      Spirit   .   a - +0 robe
rPois   +          Reflect  .   j - +0 helmet
rElec   .          Harm     .   (no cloak)
rCorr   .          Rampage  .   (no gloves)
Will    .....                   (no barding)
Stlth   ++........              (no amulet)
HPRegen 0.15/turn               i - +6 ring of dexterity
MPRegen 0.11/turn               (no ring)

@: freezing walls, very slow
A: AC +1, large, see invisible, deformed body, poison resistance, slowness 2,
spit poison 1, naga tail 1
a: Spit Poison


You were on level 2 of the Dungeon.
You visited 1 branch of the dungeon, and saw 2 of its levels.

You collected 134 gold pieces.

Inventory:

Hand Weapons
 f - a +0 dagger
 p - a +3 spear (weapon)
Armour
 a - a +0 robe (worn)
 j - a +0 helmet (worn)
Magical Staves
 m - a staff of cold
Jewellery
 i - a +6 ring of dexterity (left hand)
Scrolls
 c - a scroll of immolation {unknown}
 d - a scroll of fog {unknown}
 e - a scroll of brand weapon {unknown}
 g - a scroll of noise {unknown}
 h - a scroll of identify {unknown}
 k - a scroll of blinking {unknown}
 l - a scroll of teleportation {unknown}
 n - a scroll of magic mapping {unknown}
 o - 2 scrolls of fear {unknown}
Potions
 b - a potion of magic
 q - a potion of degeneration {unknown}
 r - a potion of might {unknown}


   Skills:
 + Level 2.3 Fighting
 + Level 2.6 Dodging
 - Level 3.0 Stealth
 + Level 3.0 Spellcasting
 + Level 4.8 Ice Magic


You had 3 spell levels left.
You knew the following spells:

 Your Spells              Type           Power      Damage    Failure   Level
a - Freeze                Ice            76%        1d9       2%          1
b - Frozen Ramparts       Ice            38%        1d5       7%          3
c - Ozocubu's Armour      Ice            19%        N/A       7%          3

Your spell library contained the following spells:

 Spells                   Type           Power      Damage    Failure   Level
 Hailstorm                Conj/Ice       10%        3d5       54%         4


Dungeon Overview and Level Annotations

Branches:
Dungeon (2/15)

Altars:
Yredelemnul

Annotations:
D:2 Sigmund


Innate Abilities, Weirdness & Mutations

Your serpentine skin is tough. (AC +1)
You have supernaturally acute eyesight. (SInv)
Armour fits poorly on your strangely shaped body.
Your system is resistant to poisons. (rPois)
You cover ground very slowly.
You can spit poison.
You have a snake-like lower body.


Message History

Press: ? - help, Dir - look around, f - activate The walls around you are covered in ice.
The wall freezes Sigmund.
Sigmund hits you from afar with a +4 scythe of pain!
The wall freezes the rat.
You kill the rat!
You are too injured to fight recklessly!
Reach: p) +3 spear
Press: ? - help, Dir - move target, f - Sigmund
Aim: Sigmund, wielding a +4 scythe of pain and wearing a +0 robe (heavily wounded, slightly transparent, about 37% to evade your +3 spear)
You reach to attack!
You hit Sigmund.
Sigmund is severely wounded.
The wall freezes Sigmund.
Sigmund barely misses you.
A goblin comes into view. It is wielding a +0 club.
Reach: p) +3 spear
Press: ? - help, Dir - move target, f/p - Sigmund
Aim: Sigmund, wielding a +4 scythe of pain and wearing a +0 robe (severely wounded, slightly transparent, about 37% to evade your +3 spear)
You reach to attack!
The goblin shouts!
You hit Sigmund.
Sigmund is severely wounded.
The goblin unwields a +0 club.
The goblin wields a +0 hunting sling.
The goblin shoots a sling bullet.
The sling bullet misses Sigmund.
The sling bullet hits you.
The wall freezes Sigmund.
Sigmund casts a spell at you. The puff of flame hits you!
* * * LOW HITPOINT WARNING * * *
Okay, then.
Reach: p) +3 spear
Press: ? - help, Dir - move target, f/p - Sigmund
Aim: Sigmund, wielding a +4 scythe of pain and wearing a +0 robe (almost dead, slightly transparent, about 37% to evade your +3 spear)
You reach to attack!
You closely miss Sigmund.
Sigmund is almost dead.
The goblin shoots a sling bullet.
The sling bullet closely misses Sigmund.
The sling bullet hits you but does no damage.
The wall freezes Sigmund.
Sigmund gestures at you while chanting. The puff of flame hits you!
You die...

#####.###### #...# #.#
##...# #....# #.#
####.).## #.# ###.....##
#... #.# #........# #....
#.# #........# #..... #.#
#........# #...... # #.#
#.......@# ....... ##
#.###.......†##....J.8 .#
##.#..........@#.@....≈
.###....#..)......'......≈
.......######.#.#.'g.....≈
....#### #...###......≈
.......# ##..# ......8
#......# #..# .......
#......#######..####......


You could see Sigmund (invisible) and a goblin.

Vanquished Creatures
  Jessica (D:2)
  Natasha (thrice) (D:2)
  3 gnolls (D:2)
  2 adders (D:2)
  A dart slug (D:1)
  A bat (D:1)
  4 endoplasms
  2 giant cockroaches
  3 hobgoblins
  4 quokkas
  3 ball pythons (D:1)
  3 frilled lizards (D:1)
  6 kobolds
  3 rats
39 creatures vanquished.

Notes
Turn   | Place    | Note
-------+----------+-------------------------------------------
     0 | D:1      | epen the Naga Ice Elementalist began the quest for the Orb.
     0 | D:1      | Reached XP level 1. HP: 15/15 MP: 3/3
   353 | D:1      | Reached XP level 2. HP: 24/24 MP: 5/5
   643 | D:1      | Reached skill level 1 in Fighting
   935 | D:2      | Reached XP level 3. HP: 31/31 MP: 6/6
   939 | D:2      | Learned a level 3 spell: Frozen Ramparts
   955 | D:2      | Noticed Natasha
   961 | D:2      | Killed Natasha
   962 | D:2      | Reached XP level 4. HP: 16/38 MP: 1/7
  1145 | D:2      | Found a basalt altar of Yredelemnul.
  1166 | D:2      | Learned a level 3 spell: Ozocubu's Armour
  1383 | D:2      | Noticed Jessica
  1396 | D:2      | Killed Jessica
  1493 | D:2      | Noticed Natasha
  1498 | D:2      | Killed Natasha
  1499 | D:2      | Reached XP level 5. HP: 38/45 MP: 4/9
  1989 | D:2      | Noticed Sigmund
  2026 | D:2      | Noticed Natasha
  2032 | D:2      | Killed Natasha
  2042 | D:2      | Killed from afar by Sigmund

Illustrated notes

Levels and vault maps discovered:
D:1:      sevenhm_arrival_forest_fort_small_3, layout_basic
D:2:      layout_rooms, basic_altar, kennysheep_big_empty_room,
          hex_intersection, grunt_ministairs_2, kennysheep_jessica_study,
          uniq_natasha, uniq_sigmund

Skill      XL: |  1  2  3  4  5 |
---------------+----------------+-----
Fighting       | 1 2 |  2.3
Dodging        | 2 |  2.6
Spellcasting   | 3 |  3.0
Stealth        | |  3.0
Ice Magic      | |  4.8

Action                   |  1- 3 |  4- 6 || total
-------------------------+-------+-------++-------
Melee: Dagger            |    23 |       ||    23
       Unarmed           |     4 |       ||     4
       Staff             |       |    22 ||    22
       Spear             |       |    11 ||    11
 Cast: Freeze            |    12 |     5 ||    17
       Frozen Ramparts   |       |     8 ||     8
       Ozocubu's Armour  |       |     1 ||     1
 Abil: Spit Poison       |     1 |       ||     1
 Stab: Sleeping          |    11 |       ||    11
Armor: Robe              |     3 |     7 ||    10
Dodge: Dodged            |    11 |    19 ||    30

Table legend: (Time is in decaauts)
 A = Elapsed time spent in this place.
 B = Non-inter-level travel time spent in this place.
 C = Inter-level travel time spent in this place.
 D = Time resting spent in this place.
 E = Time spent auto-exploring this place.
 F = Levels seen in this place.
 G = Mean time per level.
                   A        B        C        D        E       F      G
               +--------+--------+--------+--------+--------+-----+--------+
         Total |   2401 |   2376 |     25 |    461 |   1531 |   2 | 1200.5 |
       Dungeon |   2401 |   2376 |     25 |    461 |   1531 |   2 | 1200.5 |
               +--------+--------+--------+--------+--------+-----+--------+

Top non-repeatable levels by time:
     D:2: 1300 daAuts
     D:1: 1100 daAuts
